AoeStats
← RoroAPC

Oasis

508350255Analyzed
4v4 RM · 10d ago on Sep 22, 2026· 33m 18s· 8 players
Game mode
Random Map
Map size
Large (8 player)
Population
200
Speed
Normal
Resources
Standard
Victory
Conquest
Starting age
Dark Age
Ending age
Imperial Age
RankedLock teamsTeams togetherTeam positionsShared explorationLock speedFull tech treeHidden civsTurbo modeCheats
Victory
Defeat
🇵🇪 Magyars · Peru
1365
+13
🇵🇪 Britons · Peru
1327
+14
🇨🇴 Franks · Colombia
1322
+15
🇲🇽 Ethiopians · Mexico
1249
+18
🇦🇷 Lithuanians · Argentina
1385
-19
🇨🇳 Inca · China
1319
-16
🇦🇷 Persians · Argentina
1278
-14
🇨🇱 Portuguese · Chile
1186
-11
FatFizt
7:37 Loom
10:28 Feudal Age
11:00 Double-Bit Axe
13:43 Fletching
15:06 Padded Archer Armor
16:49 Horse Collar
24:37 Castle Age
24:11 Gold Mining
24:44 Crossbowman
25:36 Bodkin Arrow
27:37 Bow Saw
28:52 Wheelbarrow
31:12 Town Watch
31:43 Hand Cart
32:15 Ballistics
33:38 Thumb Ring
ACI ShaN
6:10 Loom
9:02 Feudal Age
9:41 Double-Bit Axe
14:22 Scale Barding Armor
16:51 Forging
23:26 Castle Age
23:32 Gold Mining
24:12 Husbandry
25:25 Chain Barding Armor
29:44 Iron Casting
31:52 Wheelbarrow
31:33 Bow Saw
Eevee Queen
7:09 Loom
9:24 Feudal Age
10:33 Double-Bit Axe
23:00 Castle Age
22:49 Scale Barding Armor
22:31 Horse Collar
25:18 Husbandry
27:43 Bow Saw
28:33 Bloodlines
30:06 Wheelbarrow
33:01 Chain Barding Armor
Meowth
6:22 Loom
8:55 Feudal Age
16:29 Fletching
24:17 Castle Age
22:56 Double-Bit Axe
23:11 Horse Collar
23:28 Gold Mining
23:59 Padded Archer Armor
24:32 Crossbowman
25:07 Bodkin Arrow
25:45 Bow Saw
27:08 Heavy Plow
29:31 Leather Archer Armor
ReBeL_persi
7:46 Loom
9:53 Feudal Age
11:41 Double-Bit Axe
12:50 Scale Barding Armor
13:43 Bloodlines
13:26 Horse Collar
23:18 Wheelbarrow
26:29 Castle Age
25:23 Forging
27:34 Bow Saw
30:19 Husbandry
30:40 Chain Barding Armor
30:56 Iron Casting
Bydeep
6:15 Loom
8:38 Feudal Age
9:14 Horse Collar
15:06 Bloodlines
15:12 Double-Bit Axe
21:59 Scale Barding Armor
25:42 Castle Age
24:16 Gold Mining
25:32 Light Cavalry
26:46 Chain Barding Armor
28:29 Forging
EU _XING
3:57 Loom
8:27 Feudal Age
10:47 Wheelbarrow
9:57 Town Watch
RoroAPC
7:48 Loom
10:46 Feudal Age
14:52 Fletching
17:34 Padded Archer Armor
20:17 Wheelbarrow
25:13 Castle Age
24:04 Double-Bit Axe
24:15 Gold Mining
24:09 Horse Collar
25:17 Crossbowman
26:02 Thumb Ring
26:19 Bodkin Arrow
28:41 Leather Archer Armor
Connection lost

Rejoining the realm…

Still unreachable

The connection could not be restored.

Session expired

The server has moved on; the page needs a fresh start.